 Dungeon Crawl Stone Soup version 0.21.0-25-ge575cb9ce8 (webtiles) character file.

72 Andry07 the Skirmisher (level 4, -2/31 HPs)
             Began as a Gargoyle Fighter on Jan 22, 2018.
             Killed by divine providence
             ... invoked by an orc priest
              (9 damage)
             ... on level 3 of the Dungeon.
             The game lasted 00:02:17 (1844 turns).

Andry07 the Skirmisher (Gargoyle Fighter)           Turns: 1844, Time: 00:02:17

Health: -2/31      AC: 10    Str: 21    XL:     4   Next: 26%
Magic:  4/4        EV:  7    Int:  8    God:
Gold:   27         SH: 11    Dex:  9    Spells: 3/3 levels left

rFire    . . .     SeeInvis .   a - +0 flail
rCold    . . .     Gourm    .   k - +2 shield
rNeg     + . .     Faith    .   b - +0 scale mail
rPois    ∞         Spirit   .   (no helmet)
rElec    +         Reflect  .   (no cloak)
rCorr    .         Harm     .   (no gloves)
MR       .....                  (no boots)
Stlth    ..........             (no amulet)
HPRegen  0.10/turn              (no ring)
MPRegen  0.09/turn              (no ring)

@: no status effects
A: negative energy resistance 1, electricity resistance, unbreathing,
petrification resistance, rot immunity, AC +3
a: no special abilities


You were on level 3 of the Dungeon.
You were not hungry.

You visited 1 branch of the dungeon, and saw 3 of its levels.

You collected 27 gold pieces.

Inventory:

Hand Weapons
 a - a +0 flail (weapon)
Armour
 b - a +0 scale mail (worn)
 k - a +2 shield (worn)
Jewellery
 m - a +4 amulet of reflection {unknown}
Scrolls
 c - a scroll of enchant armour {unknown}
 g - 2 scrolls of identify {unknown}
 i - a scroll of random uselessness {unknown}
 l - a scroll of noise {unknown}
 o - a scroll of immolation {unknown}
 p - 3 scrolls of fog {unknown}
 r - a scroll of blinking {unknown}
 t - a scroll of teleportation {unknown}
Potions
 d - a potion of might
 e - 2 potions of ambrosia {unknown}
 h - 2 potions of curing {unknown}
 j - a potion of heal wounds {unknown}
 n - 3 potions of mutation {unknown}
 q - a potion of invisibility {unknown}
Comestibles
 f - 5 rations
 s - 2 chunks of flesh


   Skills:
 + Level 5.5 Fighting
 - Level 2.0 Maces & Flails
 - Level 3.2 Armour
 - Level 3.2 Shields


You had 3 spell levels left.
You didn't know any spells.

Dungeon Overview and Level Annotations

Branches:
Dungeon (3/15)

Altars:
Uskayaw


Innate Abilities, Weirdness & Mutations

You are resistant to torment.
Your stone body is resilient. (AC +3)
You are immune to poison.
You resist negative energy. (rN+)
You are resistant to electric shocks. (rElec)
You can survive without breathing.
You are immune to petrification.
You are immune to rotting.


Message History

a blowgun; a kobold corpse
t - a scroll labeled WEZAOR FAPRIWO
Found a hide-covered altar of Uskayaw.
An orc warrior and an orc wizard come into view.
The orc warrior shouts!
You hear a shout!
An orc priest comes into view. It is wielding a hand axe.
There are monsters nearby!
The orc priest shouts!
An orc priest comes into view. It is wielding a club.
The orc wizard casts a spell.
The orc wizard seems to speed up.
The orc wizard points at you and mumbles some strange words.
The magic dart hits you!
The orc priest calls down the wrath of Beogh upon you.
Beogh smites you!
Ouch! That really hurt!
* * * LOW HITPOINT WARNING * * *
The orc priest mumbles some strange prayers to Beogh against you.
Beogh smites you!
You die...

..........
..........
##........##
..........# ### ...
#........#... .. ...
#........#.#..# ....
#..........# .....
#...))<# . .....#
#..@.)†##. ..
.....####.........#
.#.#
#...oo......##.#
.._..####........##
# .#.#...o..#......#
.........##......#
#......o..........#
#####...........#...
#.####......#...


You could see an orc warrior, 2 orc priests and an orc wizard.

Vanquished Creatures
  An adder (D:2)
  An adder skeleton (D:2)
  A worm (D:2)
  5 dart slugs
  An orc (D:3)
  A giant cockroach (D:3)
  5 goblins (D:1)
  6 hobgoblins
  A quokka (D:2)
  A ball python (D:2)
  10 bats
  5 frilled lizards
  10 kobolds
  2 rats
50 creatures vanquished.

Notes
Turn   | Place    | Note
-------+----------+-------------------------------------------
     0 | D:1      | Andry07 the Gargoyle Fighter began the quest for the Orb.
     0 | D:1      | Reached XP level 1. HP: 14/14 MP: 1/1
     6 | D:1      | Noticed a black mamba
     6 | D:1      | Noticed a swamp drake
     6 | D:1      | Noticed a redback
   117 | D:1      | Reached XP level 2. HP: 20/20 MP: 2/2
   174 | D:1      | Reached skill level 4 in Fighting
   472 | D:1      | Reached XP level 3. HP: 14/24 MP: 3/3
   864 | D:2      | Found a faded altar of an unknown god.
  1210 | D:2      | Reached skill level 5 in Fighting
  1298 | D:2      | Reached XP level 4. HP: 28/31 MP: 4/4
  1835 | D:3      | Found a hide-covered altar of Uskayaw.
  1836 | D:3      | Noticed an orc warrior
  1844 | D:3      | Killed from afar by an orc priest

Skill      XL: |  1  2  3 |
---------------+----------+-----
Fighting       | 4 5 |  5.5
Maces & Flails | |  2.0
Armour         | |  3.2
Shields        | |  3.2

Action                   |  1- 3 |  4- 6 || total
-------------------------+-------+-------++-------
Melee: Flail             |   117 |    27 ||   144
  Eat: Chunk             |     1 |     2 ||     3
Armor: Scale mail        |    82 |    11 ||    93
Dodge: Dodged            |    40 |    13 ||    53
Block: Shield            |    80 |    15 ||    95
